 Dungeon Crawl Stone Soup version 0.18.1-48-g4cf74bf (webtiles) character file.

242 tallian the Charmwright (level 5, 0/35 HPs)
             Began as a High Elf Skald on July 31, 2016.
             Was an Initiate of Gozag.
             Killed from afar by Sigmund (10 damage)
             ... with a magic dart
             ... on level 3 of the Dungeon.
             The game lasted 00:19:09 (2995 turns).

tallian the Charmwright (High Elf Skald)            Turns: 2995, Time: 00:19:10

Health: 0/35       AC: 15    Str: 12    XL:     5   Next: 82%
Magic:  10/10      EV:  2    Int: 18    God:    Gozag
Gold:   160        SH:  3    Dex: 14    Spells: 1 memorised, 8 levels left

rFire  . . .     SeeInvis .     i - +2 mace (drain)
rCold  . . .     Gourm    .     k - +0 plate armour
rNeg   . . .     Faith    .     l - +0 buckler
rPois  .         Spirit   .     (no helmet)
rElec  .         Dismiss  .     (no cloak)
rCorr  .         Reflect  .     (no gloves)
SustAt .         Harm     .     (no boots)
MR     .....                    (no amulet)
Stlth  ..........               (no ring)
                                (no ring)

@: gold aura, not resistant to hostile enchantments, extremely unstealthy
A: iridescent scales 1, clever 1, deterioration 1
a: Potion Petition, Call Merchant, Bribe Branch, Renounce Religion


You were on level 3 of the Dungeon.
You worshipped Gozag.
Gozag was noncommittal.
You were very full.

You visited 1 branch of the dungeon, and saw 3 of its levels.

You collected 170 gold pieces.
You paid 10 gold pieces to Gozag.

Inventory:

Hand Weapons
 a - a +0 short sword
 i - a +2 mace of draining (weapon)
 p - a +3 short sword
 q - a +1 dagger of draining
 r - a +0 short sword of draining
Missiles
 e - 130 stones (quivered)
Armour
 b - a +0 leather armour
 k - a +0 plate armour (worn)
 l - a +0 buckler (worn)
 t - a +0 shield
Scrolls
 d - a scroll of recharging
 f - 3 scrolls of teleportation
 j - a scroll of fog
 n - a scroll of remove curse {unknown}
 s - a scroll of noise {unknown}
Potions
 m - a potion of degeneration {unknown}
 o - a potion of curing {unknown}
Books
 c - a book of Battle

   Spells                             Type                      Level
   a - Infusion                       Charms                       1
   b - Shroud of Golubria             Charms/Translocation         2
   c - Song of Slaying                Charms                       2
   d - Spectral Weapon                Hexes/Charms                 3
   e - Regeneration                   Charms/Necromancy            3
Comestibles
 g - 4 meat rations
 h - a fruit


   Skills:
 + Level 2.5 Fighting
 + Level 2.9 Short Blades
 + Level 1.4 Maces & Flails
 + Level 2.3 Throwing
 + Level 2.6 Armour
 + Level 1.5 Dodging
 + Level 1.0 Stealth
 + Level 0.3 Shields
 + Level 2.7 Spellcasting
 + Level 4.3 Charms


You had 8 spell levels left.
You knew the following spells:

 Your Spells              Type           Power        Failure   Level  Hunger
a - Infusion              Chrm           ###.         100%        1    #......


Dungeon Overview and Level Annotations

Branches:
Dungeon (3/15)

Altars:
Gozag
Ru

Annotations:
D:3 Sigmund


Innate Abilities, Weirdness & Mutations

You are partially covered in iridescent scales (AC +4).
Your mind is acute. (Int +2)
Your body sometimes deteriorates upon taking damage.


Message History

Something hits you but does no damage.
You see here a shield.
t - a shield Something hits you.
The worm bites you but does no damage.
You hit the worm.
The worm is moderately wounded.
A magic dart appears from out of thin air!
The magic dart hits you!
* * * LOW HITPOINT WARNING * * *
The worm bites you but does no damage.
You sock the worm! You drain the worm!
You kill the worm!
Something hits you but does no damage.
Found a dark potion.
You see here 4 gold pieces.
You now have 160 gold pieces (gained 4).
A magic dart appears from out of thin air!
The magic dart hits you!
You die...
Your body crumbles into a pile of gold.

.# ♣♣.. .## ♣♣♣..♣ ..#### ♣...♣♣
.....##### ♣.♣♣♣ .........#
########.#### ..#####...
............# ..# # ###....)###..
..##### ....##########.....# ..
..^...# .......@....##....)# #.
#.###)# ............##.....####.
#.....# ...................#....
......# ##.....................>
.....#######.########....##......
#.#......# #!.. #....##......
#.#......# # ..! #....##.(....
#.#......###.##.# ###....##....#.
#.................#......##....#.


There were no monsters in sight!

Vanquished Creatures
  2 orc priests (D:3)
  2 orc wizards (D:3)
  A gnoll (D:3)
  2 adders
  An ooze (D:1)
  3 worms
  3 dart slugs
  2 giant geckos (D:2)
  9 orcs (D:3)
  A ball python (D:3)
  6 bats
  6 giant cockroaches
  5 goblins
  5 hobgoblins
  4 jackals (D:2)
  9 kobolds
  4 giant newts
  5 rats
70 creatures vanquished.

Notes
Turn   | Place    | Note
--------------------------------------------------------------
     0 | D:1      | tallian the High Elf Skald began the quest for the Orb.
     0 | D:1      | Reached XP level 1. HP: 14/14 MP: 4/4
    52 | D:1      | Reached skill level 1 in Armour
   359 | D:1      | Reached skill level 4 in Charms
   359 | D:1      | Reached XP level 2. HP: 18/19 MP: 6/6
  1139 | D:2      | Found a sacrificial altar of Ru.
  1143 | D:2      | Reached XP level 3. HP: 21/24 MP: 7/7
  1677 | D:2      | Gained mutation: Your body sometimes deteriorates upon taking damage. [potion of mutation]
  1677 | D:2      | Gained mutation: You are partially covered in iridescent scales (AC +4). [potion of mutation]
  1677 | D:2      | Gained mutation: Your mind is acute. (Int +2) [potion of mutation]
  1907 | D:1      | Reached XP level 4. HP: 29/29 MP: 9/9
  2317 | D:3      | Reached skill level 1 in Throwing
  2319 | D:3      | Reached XP level 5. HP: 30/35 MP: 10/10
  2320 | D:3      | Reached skill level 1 in Stealth
  2357 | D:3      | Found an opulent altar of Gozag.
  2360 | D:3      | Became a worshipper of Gozag Ym Sagoz the Greedy
  2728 | D:3      | Reached skill level 1 in Maces & Flails
  2969 | D:3      | Noticed Sigmund
  2995 | D:3      | Killed from afar by Sigmund

Skill      XL: |  1  2  3  4  5 |
---------------+----------------+-----
Armour         | 1 2 |  2.6
Charms         | 4 |  4.3
Throwing       | 1 2 |  2.3
Stealth        | 1 |  1.0
Maces & Flails | 1 |  1.4
Fighting       | |  2.5
Short Blades   | |  2.9
Dodging        | |  1.5
Shields        | |  0.3
Spellcasting   | |  2.7

Action                   |  1- 3 |  4- 6 || total
-------------------------+-------+-------++-------
Melee: Short sword       |    92 |       ||    92
       Mace              |    39 |    81 ||   120
Throw: Stone             |    50 |    43 ||    93
 Cast: Infusion          |     1 |       ||     1
  Use: Scroll            |     5 |       ||     5
       Potion            |     2 |     3 ||     5
 Stab: Sleeping          |     1 |       ||     1
  Eat: Bread ration      |     1 |     2 ||     3
       Chunk             |       |     1 ||     1
Armor: Leather armour    |    23 |       ||    23
       Plate armour      |    55 |    53 ||   108
Dodge: Dodged            |    56 |     7 ||    63
Block: Buckler           |    10 |     8 ||    18
